 Dungeon Crawl Stone Soup version 0.29.1-1-gd02db6906a (webtiles) character file.

Game seed: 15548412407403371727

164 fireball365 the Digger (level 5, 0/38 HPs)
             Began as a Demigod Earth Elementalist on Oct 4, 2022.
             Killed from afar by Natasha (6 damage)
             ... with a magic dart
             ... on level 3 of the Dungeon.
             The game lasted 00:11:07 (2031 turns).

fireball365 the Digger (Demigod Earth Elementalist) Turns: 2031, Time: 00:11:07

Health: 0/38       AC:  8    Str:  9    XL:     5   Next: 0%
Magic:  9/12       EV: 10    Int: 21    God:
Gold:   174        SH:  0    Dex: 14    Spells: 9/10 levels left

rFire   . . .      SeeInvis .   y - +0 halberd
rCold   . . .      Faith    .   (shield currently unavailable)
rNeg    . . .      Spirit   .   h - +1 ring mail
rPois   .          Reflect  .   (no helmet)
rElec   .          Harm     .   e - scarf {+Inv}
rCorr   .          Rampage  .   (no gloves)
Will    +....                   t - +1 pair of boots of Howling Wind {Contam Will+ Regen+}
Stlth   +.........              (no amulet)
HPRegen 0.92/turn               w - ring of flight
MPRegen 0.13/turn               (no ring)

@: flying
A: high MP 1, forlorn, divine attributes
a: Evoke Invisibility


You were on level 3 of the Dungeon.
You visited 1 branch of the dungeon, and saw 3 of its levels.

You collected 174 gold pieces.

Inventory:

Hand Weapons
 c - a +0 dagger of freezing
 d - a +0 dagger
 l - a +0 club
 m - a +0 short sword
 q - a +0 sling
 s - a +0 quarterstaff
 x - a +0 flail
 y - a +0 halberd (weapon)
 z - a +0 giant club
Missiles
 a - 27 stones
Armour
 e - a scarf of invisibility (worn)
 h - a +1 ring mail (worn)
 k - a +0 scale mail
 t - the +1 pair of boots of Howling Wind (worn) {Contam Will+ Regen+}
   (You found it on level 2 of the Dungeon)

   Contam:    It causes magical contamination when unequipped.
   Regen:     It increases your rate of health regeneration.
   Will:      It increases your willpower.
Jewellery
 w - a ring of flight (left hand)
Scrolls
 f - a scroll of immolation
 g - 3 scrolls of enchant armour
 i - a scroll of magic mapping {unknown}
 n - a scroll of blinking {unknown}
 u - a scroll of amnesia
 v - a scroll of teleportation {unknown}
Potions
 b - a potion of magic
 o - a potion of curing {unknown}
 p - a potion of cancellation {unknown}
 r - 2 potions of flight {unknown}


   Skills:
 + Level 0.1 Polearms
 + Level 0.4 Armour
 + Level 2.2 Dodging
 + Level 2.0 Stealth
 + Level 3.1 Spellcasting
 + Level 0.8 Transmutations
 + Level 4.1 Earth Magic


You had 9 spell levels left.
You knew the following spells:

 Your Spells              Type           Power      Damage    Failure   Level
a - Sandblast             Erth           40%        2d10      7%          1

Your spell library contained the following spells:

 Spells                   Type           Power      Damage    Failure   Level
 Passwall                 Tmut/Erth      10%        N/A       21%         2
 Stone Arrow              Conj/Erth      22%        3d8       43%         3
 Petrify                  Tmut/Erth      13%        N/A       78%         4


Dungeon Overview and Level Annotations

Branches:
Dungeon (3/15)

Annotations:
D:3 Natasha


Innate Abilities, Weirdness & Mutations

You have an increased reservoir of magic. (+10% MP)
You shall have no god before yourself.
Your divine heritage dramatically boosts your attributes as you level up.


Message History

The gnoll barely misses you.
The gnoll hits you from afar with a +0 spear.
You closely miss the gnoll.
The gnoll is almost dead.
The gnoll barely misses you.
The gnoll hits you from afar with a +0 spear. x2
The gnoll barely misses you.
You hit the gnoll.
The gnoll is almost dead.
The gnoll hits you with a +1 whip of freezing.
The gnoll freezes you.
* * * LOW HITPOINT WARNING * * *
The gnoll hits you from afar with a +0 spear.
* * * LOW HITPOINT WARNING * * *
You are too injured to fight recklessly!
You are too injured to fight recklessly!
You are too injured to fight recklessly!
You are too injured to fight recklessly!
Casting: Sandblast (safe; 7% risk of failure)
Confirm with . or Enter, or press ? or * to list all spells.
Aiming: Sandblast (safe; 7% risk of failure)
Press: ? - help, Shift-Dir - straight line, f - gnoll
Aim: a gnoll, wielding a +1 whip of freezing (almost dead, 85% to hit)
The blast of sand hits the gnoll!
You kill the gnoll!
The gnoll barely misses you. The gnoll hits you but does no damage.
You have reached level 5!
Casting: Sandblast (safe; 7% risk of failure)
Confirm with . or Enter, or press ? or * to list all spells.
Aiming: Sandblast (safe; 7% risk of failure)
Press: ? - help, Shift-Dir - straight line, f - Natasha
Aim: Natasha, carrying a wand of flame (18) (79% to hit)
The blast of sand hits Natasha!
Natasha is severely wounded.
Natasha claws you!
* * * LOW HITPOINT WARNING * * *
The gnoll closely misses you.
Natasha stares at you and mumbles some strange words.
The magic dart hits you.
You die...

..... .... ### ..( ...
##.>. #.# .##.# ..# .##.#
### #.##
.##.###.##########...##.#
....##.......†..@hg......
.##.###.##########...##.#
.##.# #.##..... ..##
...†# #.......# ##.#
.##)# #.#####.. ..#
.##.###.# ## ......†.#
.######.# ..#


You could see Natasha and a gnoll.

Vanquished Creatures
  Natasha (D:3)
  6 gnolls (D:3)
  3 adders (D:2)
  A dart slug (D:3)
  A ball python (D:1)
  5 endoplasms
  2 giant cockroaches
  2 goblins (D:1)
  6 hobgoblins
  6 quokkas
  6 bats
  2 frilled lizards (D:1)
  6 kobolds
  3 rats
50 creatures vanquished.

Vanquished Creatures (others)
  2 plants (D:2)
2 creatures vanquished.

Grand Total: 52 creatures vanquished

Notes
Turn   | Place    | Note
-------+----------+-------------------------------------------
     0 | D:1      | fireball365 the Demigod Earth Elementalist began the quest
                  | for the Orb.
     0 | D:1      | Reached XP level 1. HP: 14/14 MP: 5/5
   590 | D:1      | Reached XP level 2. HP: 20/20 MP: 5/7
   619 | D:1      | Reached skill level 3 in Earth Magic
  1215 | D:2      | Reached XP level 3. HP: 25/26 MP: 3/9
  1376 | D:2      | Identified the +1 pair of boots of Howling Wind {Contam
                  | Will+ Regen+}
  1929 | D:3      | Noticed Natasha
  1939 | D:3      | Killed Natasha
  1940 | D:3      | Reached XP level 4. HP: 33/33 MP: 8/11
  1963 | D:3      | Reached skill level 4 in Earth Magic
  2015 | D:3      | Noticed Natasha
  2031 | D:3      | Reached XP level 5. HP: 11/38 MP: 10/12
  2031 | D:3      | Killed from afar by Natasha

Illustrated notes

Levels and vault maps discovered:
D:1:      dpeg_arrival_ternary, layout_basic, shapermc_ecumenical_altar_pompeii
D:2:      layout_rooms, hangedman_decor_growths, corexii_shack
D:3:      layout_loops_ring, roderic_serpentine_path, hangedman_feature_mirror,
          uniq_natasha

Skill      XL: |  1  2  3  4 |
---------------+-------------+-----
Dodging        | 2 |  2.2
Earth Magic    | 3 4 |  4.1
Spellcasting   | 2 3 |  3.1
Stealth        | 2 |  2.0
Polearms       | |  0.1
Armour         | |  0.4
Transmutations | |  0.8

Action                   |  1- 3 |  4- 6 || total
-------------------------+-------+-------++-------
Melee: Dagger            |    19 |       ||    19
       Halberd           |       |    29 ||    29
 Cast: Sandblast         |    55 |    10 ||    65
  Use: Scroll            |     3 |       ||     3
       Potion            |     2 |     1 ||     3
Armor: Ring mail         |    28 |    26 ||    54
Dodge: Dodged            |    36 |    29 ||    65
